[Event "*** SCC Grand Prix: Titled Tuesday Blitz"]
[Site "Chess.com"]
[Date "2020.06.02"]
[Round "2"]
[White "Natalya_Buksa"]
[Black "Shtembuliak"]
[Result "0-1"]
[WhiteElo "2555"]
[BlackElo "2880"]
[TimeControl "180+1"]
[EndTime "10:18:42 PDT"]
[Termination "Shtembuliak won by resignation"]

1. e4 g6 2. d4 Bg7 3. Nc3 d6 4. f4 a6 5. Nf3 Nd7 6. Bd3 c5 7.
Be3 cxd4 8. Bxd4 e5 9. fxe5 dxe5 10. Be3 Ngf6 11. O-O O-O 12. Kh1 b5 13. a3 Bb7 14.
Qe2 Qc7 15. Rad1 Nc5 16. Bg5 Ne6 17. Bc1 Rad8 18. Qf2 Nh5 19. Be3 Rd7 20. Bb6 Qc8 21. a4 Nhf4 22. axb5 Nxd3 23. cxd3 axb5 24. Rc1 Rxd3 25.
Nd5 Qd7 26. Qc2 Nf4 27. Nxe5 Bxe5 28. Nxf4 Rd2 29. Qc5 Bd4 30. Qc7 Bxb6 31. Qxb6 Bxe4 32. Rf2 Rd1+ 33. Rf1 Rxc1 34. Rxc1 Qd2 35. Rf1 Qxb2 36.
h3 b4 37. Qe3 Ba8 38. Rf2 Qb1+ 39. Kh2 Qe4 40. Qb3 Qd4 41. Nd3 Be4 42. Rf4 Qxd3 43.
Qxb4 Bf5 44. Qe7 Be6 45. Qg5 Qd6 46. h4 Qd8 47. Qg3 h5 48. Rf2 Qb8 49. Rf4 Rc8 50. Re4 Qxg3+ 51. Kxg3 Rc4 52. Re3 Rg4+ 53. Kh2 Rxh4+ 54.
Kg3 Rg4+ 55. Kf3 Kg7 56. Ra3 Bd5+ 57. Kf2 Rxg2+ 58. Kf1 Rg4 59. Ra7 Bc4+ 60. Kf2 h4 61. Ra3 Be6 62. Rh3 Rf4+ 63. Kg2 Bxh3+ 64. Kxh3 g5 0-1

[Event "*** SCC Grand Prix: Titled Tuesday Blitz"]
[Site "Chess.com"]
[Date "2020.06.02"]
[Round "2"]
[White "MasterKroket"]
[Black "Konovalova_Vera"]
[Result "1-0"]
[WhiteElo "2415"]
[BlackElo "2165"]
[TimeControl "180+1"]
[EndTime "10:18:42 PDT"]
[Termination "MasterKroket won by resignation"]

1. d4 Nf6 2. c4 e6 3. Nf3 Bb4+ 4. Bd2 Qe7 5. g3 O-O 6. Bg2 c6 7. O-O Bxd2 8. Nbxd2 d5 9. Qc2 Nbd7 10. e4 dxe4 11. Ng5 h6 12. Ngxe4 Nxe4 13. Nxe4 Nf6 14. Nc3 Rd8 15.
Rad1 Bd7 16. Rfe1 Qf8 17. a3 c5 18. Bxb7 Rab8 19. Bg2 cxd4 20. Rxd4 Be8 21. Rxd8 Rxd8 22. b4 Qd6 23. Rd1 Qc7 24. c5 Rxd1+ 25. Qxd1 Bc6 26. Qd6 Qxd6 27. cxd6 Bd7 28. b5 Ne8 29. Bc6 Bxc6 30. bxc6 Nxd6 31. a4 Nc8 32. f4 Kf8 33. Kf2 Ke7 34.
Nb5 a6 35. Nc7 Na7 36. Nxa6 Nxc6 37. Ke3 Kd6 38. Kd3 Na5 39. Kc3 Kc6 40. Kb4 Kb6 41. Nb8 Nb7 42. Nd7+ Kc7 43. Ne5 f6 44. Nc4 Kc6 45.
a5 Nc5 46. Nb2 Na6+ 47. Kc4 e5 48. Nd3 e4 49. Nc1 e3 50. Nb3 e2 51. Nd4+ Kd6 52. Nxe2 f5 53. Nd4 g6 54. Nc2 g5 55. Nb4 Nc7 56.
Kd4 Nb5+ 57. Kc4 Nc7 58. a6 Na8 59. Nd3 g4 60. Ne5 h5 61. Nf7+ Kc6 62. Nh6 Nc7 63.
Nxf5 Nxa6 64. Ng7 Nc7 65. Nxh5 Ne6 66. Nf6 Ng7 67. Nxg4 Nf5 68. Kd3 Kd5 69. Ne3+ 1-0

[Event "*** SCC Grand Prix: Titled Tuesday Blitz"]
[Site "Chess.com"]
[Date "2020.06.02"]
[Round "2"]
[White "Onischuk_V"]
[Black "TregubovP"]
[Result "1-0"]
[WhiteElo "2925"]
[BlackElo "2569"]
[TimeControl "180+1"]
[EndTime "10:18:43 PDT"]
[Termination "Onischuk_V won by resignation"]

1. e4 e6 2. d4 d5 3. Bd3 dxe4 4. Bxe4 Nf6 5. Bf3 Bd6 6. Nc3 O-O 7. Nb5 Bb4+ 8. c3 Be7 9. Bf4 Na6 10. a4 c6 11. Na3 Bd6 12. Ne2 c5 13. Bxd6 Qxd6 14. O-O cxd4 15. Qxd4 Qe7 16. Nb5 e5 17. Qd6 Re8 18.
Ng3 Nc5 19. Rfe1 a6 20. Qxe7 Rxe7 21. Nd6 g6 22. b4 Nd3 23. Red1 Nf4 24. h3 Rb8 25. a5 Be6 26. c4 b6 27. axb6 Rxb6 28. Rab1 Ne8 29. c5 Rb8 30. Nxe8 Rexe8 31. Ne4 Red8 32.
Nd6 Kf8 33. c6 Rxd6 34. Rxd6 Ke7 35. Rd2 Rb6 36. c7 f5 37. Rc1 e4 38. Bxe4 fxe4 39. c8=Q Bxc8 40. Rxc8 Rxb4 41. Rc7+ Ke6 42. Rxh7 a5 43.
Ra7 a4 44. Ra2 Nd3 45. R7xa4 Rb1+ 46. Kh2 Re1 47. Ra5 Kf6 48. Kg3 Rb1 49. Rc2 Rb6 50.
Rc7 Re6 51. Rca7 e3 52. fxe3 Rxe3+ 53. Kh2 Re2 54. R7a6+ Kg7 55. Ra2 Re5 56. Rd2 Nf4 57.
Rd4 Nh5 58. Rg4 Nf6 59. Rg3 Rf5 60. Rf3 Kh6 61. Rxf5 1-0

[Event "*** SCC Grand Prix: Titled Tuesday Blitz"]
[Site "Chess.com"]
[Date "2020.06.02"]
[Round "2"]
[White "nadirsm"]
[Black "hectorfiori"]
[Result "1-0"]
[WhiteElo "2161"]
[BlackElo "2381"]
[TimeControl "180+1"]
[EndTime "10:18:43 PDT"]
[Termination "nadirsm won on time"]

1. d4 Nf6 2. Bf4 e6 3. e3 d5 4. Nd2 c5 5. c3 Nc6 6. Ngf3 Bd6 7. Bg3 Qc7 8. dxc5 Bxg3 9. hxg3 e5 10. b4 a6 11. a3 Bg4 12. Be2 O-O 13. Qc2 h6 14. Nb3 Rfe8 15. O-O Rad8 16. Rfe1 Qc8 17. Rad1 Qe6 18.
Nh4 e4 19. f3 exf3 20. Bxf3 Bxf3 21. gxf3 Qe5 22. Kg2 Nh5 23. f4 Qe7 24. Qf5 Nf6 25. Nd4 Nxd4 26. exd4 Qxe1 27. Rxe1 Rxe1 28. Nf3 Re2+ 29.
Kf1 Rde8 30. Ne5 Rb2 31. g4 Ne4 32. Qxf7+ Kh7 33. Qxe8 Ng3+ 34. Ke1 Re2+ 35. Kd1 Re4 36. Qg6+ Kg8 37. Qe6+ Kh7 38. f5 Nf1 39. Qg6+ Kh8 40. Nf7+ Kg8 41. Nxh6+ Kh8 42. Nf7+ Kg8 43. Ng5 Ne3+ 44.
Kc1 1-0

[Event "*** SCC Grand Prix: Titled Tuesday Blitz"]
[Site "Chess.com"]
[Date "2020.06.02"]
[Round "2"]
[White "not_najdorfs_player"]
[Black "Oneofmyturns"]
[Result "0-1"]
[WhiteElo "2305"]
[BlackElo "2611"]
[TimeControl "180+1"]
[EndTime "10:18:45 PDT"]
[Termination "Oneofmyturns won by resignation"]

1. e4 c6 2. d4 d5 3. exd5 cxd5 4. Bd3 Nc6 5. c3 Nf6 6. h3 g6 7. Nf3 Bf5 8. Be2 h5 9. O-O Bg7 10. Re1 O-O 11. Bf4 Ne4 12. Nbd2 Re8 13. Qb3 Qd7 14. Bf1 Rac8 15. a4 a6 16. a5 Nxd2 17. Nxd2 Kh8 18.
Nf3 f6 19. Rad1 Nxa5 20. Qb4 Nc6 21. Qa3 g5 22. Bg3 h4 23. Bh2 e6 24. c4 Be4 25.
Qe3 Nb4 26. Nd2 Nc2 27. Qe2 Bg6 28. c5 Nxd4 29. Qg4 Nc2 30. Re2 Rxc5 31. Nb3 Rcc8 32. Rc1 Rc4 33. f4 Rec8 34. g3 hxg3 35. Bxg3 Ne3 36.
Rxe3 Rxc1 37. Nxc1 Rxc1 38. fxg5 f5 39. Qh4+ Kg8 40.
Qb4 Qb5 41. Qf4 Rxf1+ 42. Qxf1 Bd4 43. Bf2 Bxe3 44. Bxe3 Qxb2 45. Qf4 e5 46. Qf3 Qb1+ 47. Kg2 Qe4 48. Kg3 Qxf3+ 49. Kxf3 d4 50. Bd2 Kf7 51. h4 Ke6 52. Bb4 Kd5 53. Ke2 Bh5+ 54. Kd2 e4 55. Be7 a5 56. Bf8 a4 57. Kc2 b5 58. Kd2 f4 59. g6 Bxg6 60. Bh6 f3 61. Ke1 e3 62. Kf1 a3 0-1

[Event "*** SCC Grand Prix: Titled Tuesday Blitz"]
[Site "Chess.com"]
[Date "2020.06.02"]
[Round "2"]
[White "AlexOstrovskiy"]
[Black "DishonorOnYourCow"]
[Result "0-1"]
[WhiteElo "2538"]
[BlackElo "2307"]
[TimeControl "180+1"]
[EndTime "10:18:45 PDT"]
[Termination "DishonorOnYourCow won by checkmate"]

1. d4 Nf6 2. Bg5 Ne4 3. h4 d5 4. Nd2 h6 5. Bf4 Bf5 6. Nxe4 Bxe4 7. f3 Bh7 8. e3 e6 9. Bd3 Bxd3 10. Qxd3 Bd6 11.
Ne2 a6 12. O-O-O Nc6 13. e4 Bxf4+ 14. Nxf4 Qf6 15. Nh5 Qg6 16. exd5 Qxh5 17. dxc6 bxc6 18. Rde1 Qb5 19. Qc3 O-O 20. Re5 Qa4 21. Kb1 Rfd8 22. Rd1 Rab8 23. Ra5 Qb4 24. Qxb4 Rxb4 25. c3 Rb6 26.
Kc2 Rd5 27. Rc5 Kf8 28. b4 Ke7 29. a4 Rd6 30. Re1 Kd7 31. h5 Rd5 32. g4 Rxc5 33. dxc5 Rb8 34. f4 Ke7 35. Rd1 Ra8 36. Rd4 Rb8 37. Kb3 Rc8 38. c4 Rb8 39. Kc3 Rb7 40.
g5 Rb8 41. a5 hxg5 42. fxg5 Rh8 43. Rh4 f6 44. g6 f5 45. Kd4 Kf6 46. Ke3 e5 47. b5 Kg5 48. Rh1 axb5 49. cxb5 cxb5 50. a6 Kf6 51. a7 Ra8 52. Ra1 Kg5 53. c6 Kxh5 54.
Ra5 Kxg6 55. Rxb5 Rxa7 56. Rxe5 Ra3+ 57. Kf4 Rc3 58. Re6+ Kf7 59. Re5 g6 60. Ra5 Rc4+ 61. Kg5 Rg4+ 62. Kh6 f4 63. Ra7 f3 64. Rxc7+ Kf6 65.
Rc8 Rh4# 0-1

[Event "*** SCC Grand Prix: Titled Tuesday Blitz"]
[Site "Chess.com"]
[Date "2020.06.02"]
[Round "2"]
[White "GHANDEEVAM2003"]
[Black "suyu28"]
[Result "1-0"]
[WhiteElo "2954"]
[BlackElo "2578"]
[TimeControl "180+1"]
[EndTime "10:18:46 PDT"]
[Termination "GHANDEEVAM2003 won on time"]

1. b3 e5 2. Bb2 Nc6 3. e3 Nf6 4. Bb5 Bd6 5. Ne2 Qe7 6. O-O a6 7. Bxc6 dxc6 8. d3 O-O 9. Nd2 c5 10. Nc4 b5 11. Nxd6 cxd6 12. e4 Be6 13. f4 exf4 14.
Nxf4 Nd7 15. d4 cxd4 16. Qxd4 Ne5 17. Rad1 Rfd8 18. h3 Rac8 19. Rd2 f6 20. Qe3 Bf7 21. Qg3 Qb7 22. Re2 Re8 23. Qf2 Ng6 24. Nh5 Ne5 25. Nxg7 Kxg7 26. Qxf6+ Kg8 27. Ref2 Bg6 28. Qxd6 Qc6 29.
Bxe5 Qxd6 30. Bxd6 Rxe4 31. Rd2 Re6 32. Rff2 Re1+ 33. Kh2 Rc1 34. c4 bxc4 35. bxc4 R1xc4 36. a3 Rc2 37. Rxc2 Rxc2 38. Rf8+ Kg7 39. Rf4 Rc6 40. Bf8+ Kg8 41. Bh6 Rc8 42. Rf6 a5 43. Ra6 Rc5 44.
Ra7 Rh5 45. Bd2 Rd5 46. Bxa5 Rd3 47. Bb4 Be4 48. Re7 Bc6 49. Re2 Rb3 50. Rc2 Be4 51. Rd2 h5 52. Rd4 Bb7 53. Rd8+ Kf7 54. Rd7+ Kg6 55.
Rxb7 Kg5 56. Be7+ Kf4 57. Rxb3 h4 58. Rf3+ Ke4 59. Bxh4 1-0

[Event "*** SCC Grand Prix: Titled Tuesday Blitz"]
[Site "Chess.com"]
[Date "2020.06.02"]
[Round "2"]
[White "chess94cu"]
[Black "Heineccius"]
[Result "1-0"]
[WhiteElo "2460"]
[BlackElo "2642"]
[TimeControl "180+1"]
[EndTime "10:18:46 PDT"]
[Termination "chess94cu won on time"]

1. d4 Nf6 2. c4 e6 3. Nf3 Bb4+ 4.
Nbd2 d5 5. cxd5 exd5 6. a3 Bd6 7. g3 O-O 8. Bg2 c6 9. O-O h6 10. Qc2 Re8 11. b4 Rxe2 12. Ne5 Bxe5 13. dxe5 Rxe5 14.
Bb2 Bf5 15. Qc3 Re8 16. Nf3 Be4 17. Nd4 Bxg2 18. Kxg2 Nbd7 19. Nf5 Qc7 20. Rfe1 Kh7 21. h4 Re6 22. Qd3 g6 23. Nd4 Rxe1 24. Rxe1 Re8 25. Rxe8 Nxe8 26. h5 Nef6 27. hxg6+ fxg6 28. Ne6 Qd6 29.
Nf4 Ne4 30. f3 Ng5 31. Qd4 Qf8 32. Qxa7 Qf5 33. Qe3 Qc2+ 34. Qf2 Qxf2+ 35. Kxf2 Nf7 36. Nd3 Nd6 37. a4 Nc4 38. Bd4 Kg8 39. g4 Kf7 40.
f4 Ke6 41. Kg3 Ncb6 42. a5 Nc4 43. Kh4 Nf6 44. Nc5+ Kf7 45. Nxb7 Ne4 46. a6 Ncd2 47. a7 Nf3+ 48. Kh3 Nxd4 49. a8=Q Ne6 50. Qc8 d4 51.
Qd7+ Kf6 52. Qxc6 Nf2+ 53. Kg2 Nd3 54. Kg3 Nxf4 55. Nc5 g5 56. Nxe6 Nxe6 57. b5 Ke5 58. b6 d3 59. b7 1-0

[Event "*** SCC Grand Prix: Titled Tuesday Blitz"]
[Site "Chess.com"]
[Date "2020.06.02"]
[Round "2"]
[White "Sanroto99"]
[Black "DiamondCrusher22"]
[Result "0-1"]
[WhiteElo "2313"]
[BlackElo "1979"]
[TimeControl "180+1"]
[EndTime "10:18:46 PDT"]
[Termination "DiamondCrusher22 won on time"]

1. d4 d5 2. c4 c6 3. Nc3 Nf6 4. Nf3 dxc4 5. a4 e6 6. e3 c5 7. Bxc4 Nc6 8. O-O cxd4 9. exd4 Be7 10. h3 O-O 11. Be3 Nb4 12. Rc1 b6 13. Ne5 Bb7 14. Be2 Rc8 15. Bf3 Bxf3 16. Qxf3 Nbd5 17. Bg5 Nxc3 18.
Rxc3 Nd5 19. Nc6 Rxc6 20. Rxc6 Bxg5 21. Qe4 Bf6 22. Rfc1 Nb4 23. R6c4 Qd5 24. Qe3 Na6 25. Qd3 h6 26. Rc8 Nb4 27. Rxf8+ Kxf8 28. Rc8+ Ke7 29. Qb5 Qxb5 30. axb5 Nd5 31. Ra8 Bxd4 32. Rxa7+ Kf6 33. Ra2 e5 34. Kf1 Ke6 35. Ke2 Kd6 36. g3 Kc5 37.
Ra7 Bxb2 38. Rxf7 e4 39. Rd7 Nc3+ 40. Ke3 Kxb5 41. Re7 Kc4 42. Rc7+ Kb3 43. f3 exf3 44.
Kxf3 b5 45. Rxg7 b4 46. Rg6 Kc2 47. Rxh6 b3 48. Rb6 Na4 49. Rxb3 Kxb3 50. g4 Kc4 51. Ke4 Nc5+ 52. Kf5 Kd5 53. g5 Kd6 54. h4 Ke7 55. h5 Kf7 56. h6 Ne6 57. g6+ Ke7 58.
g7 Nxg7+ 0-1

[Event "*** SCC Grand Prix: Titled Tuesday Blitz"]
[Site "Chess.com"]
[Date "2020.06.02"]
[Round "2"]
[White "Gahan-MG"]
[Black "Sychev_Klementy"]
[Result "0-1"]
[WhiteElo "2537"]
[BlackElo "2839"]
[TimeControl "180+1"]
[EndTime "10:18:47 PDT"]
[Termination "Sychev_Klementy won by resignation"]

1. e4 e5 2. Nf3 Nc6 3. d4 exd4 4. Nxd4 Qf6 5. Nxc6 Bc5 6. Qd2 dxc6 7. Nc3 Be6 8. Bd3 Ne7 9. O-O Ng6 10. Kh1 Ne5 11. f4 Nxd3 12. Qxd3 Rd8 13. Qf3 Bc4 14. Re1 Bd4 15. e5 Qf5 16. Qe4 Be6 17. Qxf5 Bxf5 18. Ne4 O-O 19. c3 Bxe4 20. cxd4 Rxd4 21. Be3 Rc4 22. b3 Rc2 23. Rg1 Rd8 24. h3 Rd3 25.
Rae1 Rcc3 26. Rd1 h5 27. Rxd3 Rxd3 28. Re1 Rc3 29. Re2 a5 30. Kg1 Bd5 31. Kf2 b6 32. g4 hxg4 33. hxg4 a4 34. bxa4 Ra3 35. Bc1 Rxa4 36.
a3 Rc4 37. Re1 g6 38. Kg3 Rc3+ 39. Kh4 Kg7 40. Kg5 Rc2 41. f5 gxf5 42. Kxf5 Rf2+ 43. Kg5 Be6 44. Re4 Rg2 45. Be3 c5 46. Rf4 c4 47.
Rd4 c3 48. Kh4 c2 49. Rf4 Re2 50. Bc1 Re1 51. Bd2 c1=Q 52. Bxc1 Rxc1 53. Rd4 Rc4 54. Rd3 Rxg4+ 55. Kh5 Re4 56. Rg3+ Kf8 57. Rg5 Ke7 58.
Kh6 Rh4+ 59. Kg7 Rg4 60. Kh6 Rxg5 61. Kxg5 c5 62. Kf4 Kd7 0-1

[Event "*** SCC Grand Prix: Titled Tuesday Blitz"]
[Site "Chess.com"]
[Date "2020.06.02"]
[Round "2"]
[White "Ashedu66"]
[Black "qqwow"]
[Result "1/2-1/2"]
[WhiteElo "2170"]
[BlackElo "2395"]
[TimeControl "180+1"]
[EndTime "10:18:48 PDT"]
[Termination "Game drawn by repetition"]

1. d4 d5 2. c4 c6 3. Nf3 Nf6 4.
Nc3 e6 5. e3 Nbd7 6. Qc2 Bd6 7.
Be2 O-O 8. O-O Qe7 9. e4 dxe4 10.
Nxe4 Nxe4 11. Qxe4 e5 12. dxe5 Nxe5 13. Rd1 Nxf3+ 14.
Bxf3 Qf6 15. Be3 Bf5 16. Rxd6 Bxe4 17. Rxf6 gxf6 18. Bxe4 Kg7 19. g3 Rfd8 20. Kg2 a5 21. g4 a4 22. a3 Rd7 23. Bf5 Rd6 24. Re1 Rad8 25. Re2 b5 26. cxb5 cxb5 27. Kf3 Rd5 28.
Be4 Rd1 29. h4 h6 30. h5 R8d6 31. Bf5 R1d5 32. Bf4 Rd8 33. Re7 Kf8 34. Rb7 Kg7 35. Kg3 Rf8 36. Be3 Re8 37. Bf4 Rf8 38. Rc7 Re8 39. Rc6 Re2 40. Be3 Rxb2 41. Rc7 Rb3 42. Be6 Re5 43. Bxf7 Rexe3+ 44. fxe3 Rxe3+ 45. Kf4 Rxa3 46. Bg6+ Kf8 47. Kf5 Rf3+ 48. Ke6 Re3+ 49. Kxf6 Rf3+ 50. Bf5 Re3 51. Rc8+ Re8 52. Rc5 Rb8 53.
Bb1 b4 54. Rc4 a3 55. Ba2 b3 56. Bxb3 Rb6+ 57. Kf5 Rxb3 58. Ra4 Kf7 59. Ra7+ Ke8 60. Kg6 Rb6+ 61. Kf5 Rb5+ 62. Kf6 Rb4 63. Kf5 Rb5+ 64. Kf6 Rb6+ 65. Kf5 Rb5+ 1/2-1/2

[Event "*** SCC Grand Prix: Titled Tuesday Blitz"]
[Site "Chess.com"]
[Date "2020.06.02"]
[Round "2"]
[White "maciek_92"]
[Black "Harry_Rakkel"]
[Result "1-0"]
[WhiteElo "2809"]
[BlackElo "2526"]
[TimeControl "180+1"]
[EndTime "10:18:49 PDT"]
[Termination "maciek_92 won by resignation"]

1. e4 c5 2. Nf3 e6 3. d4 cxd4 4.
Nxd4 Nc6 5. Nc3 Qc7 6. Be2 a6 7.
O-O Nf6 8. Be3 Bb4 9. Nxc6 bxc6 10. Qd4 c5 11. Qc4 d6 12. a3 Bxc3 13. Qxc3 O-O 14. f3 Nd7 15. Rfd1 Rb8 16. Rd2 Bb7 17. Rad1 d5 18.
exd5 exd5 19. b4 Rfc8 20. bxc5 Nxc5 21. Bd4 f6 22. Qe3 Re8 23. Qf2 Ne6 24. Ba7 Rbc8 25. Bd3 Nf4 26. Bf5 Ra8 27. Bb6 Qe5 28. Bd7 Re7 29.
Ba4 Ne2+ 30. Kh1 Nc3 31. Bb3 Nxd1 32. Rxd1 Qe2 33. Qxe2 Rxe2 34. Rxd5 Re1+ 35. Bg1 Kh8 36. Rd7 Bc6 37. Rd6 Be8 38. h3 a5 39. Kh2 a4 40.
Bc4 h6 41. Bf2 Ra1 42. Bc5 Bg6 43. Bd3 Bxd3 44. cxd3 Ra2 45. d4 Re8 46. Kg3 Ree2 47.
Rd8+ Kh7 48. d5 g5 49. Kg4 Re5 50. Kg3 h5 51. h4 Ree2 52. hxg5 fxg5 53. f4 Rxg2+ 54.
Kf3 g4+ 55. Ke4 h4 56. Kf5 Rgd2 57. Be7 h3 58. Bf6 Rxd5+ 59. Rxd5 Kg8 60. Kg6 Rd2 61. Rxd2 1-0

[Event "*** SCC Grand Prix: Titled Tuesday Blitz"]
[Site "Chess.com"]
[Date "2020.06.02"]
[Round "2"]
[White "serhanberat_ozdemir"]
[Black "BocharovD"]
[Result "1/2-1/2"]
[WhiteElo "2524"]
[BlackElo "2768"]
[TimeControl "180+1"]
[EndTime "10:18:49 PDT"]
[Termination "Game drawn by stalemate"]

1. e4 c5 2. Nf3 d6 3. d4 cxd4 4. Nxd4 Nf6 5. Nc3 a6 6. f3 e5 7. Nb3 Be6 8. Be3 h5 9. Qd2 Nbd7 10. Nd5 Nxd5 11. exd5 Bf5 12. Na5 Qc7 13. c4 b6 14.
Nc6 Nb8 15. Nxb8 Rxb8 16. Be2 Be7 17. O-O a5 18. b3 O-O 19. a3 h4 20. b4 h3 21. g3 e4 22. f4 Qd7 23. Rfc1 Bf6 24. Ra2 Bg4 25. Bf1 Rfe8 26. Qf2 Qa4 27. Qc2 Qd7 28.
Qf2 axb4 29. axb4 b5 30. cxb5 Rxb5 31. Bxb5 Qxb5 32. Qd2 Rb8 33. Rc6 Bd7 34. Rxd6 Be7 35. Ra5 Qb7 36. Rb6 Qc8 37. Rxb8 Qxb8 38. Bc5 Bf6 39.
Qa2 Kh7 40. Qc2 Bf5 41. Qd2 Bd8 42. Ra7 Qb5 43. Rxf7 Kg6 44. Rxf5 Kxf5 45. Qd1 g6 46. g4+ Kxf4 47. Bd6+ Ke3 48. Qe1+ Kd4 49. Bc5+ Kxd5 50. Qd2+ Qd3 51. Qxd3+ exd3 52. Kf2 Bg5 53. Be3 Kc4 54. Bxg5 Kxb4 55. Ke3 Kc3 56. Ke4 d2 57. Bxd2+ Kxd2 58. Kf4 Ke2 59. Kg3 g5 60. Kxh3 Kf3 1/2-1/2

[Event "*** SCC Grand Prix: Titled Tuesday Blitz"]
[Site "Chess.com"]
[Date "2020.06.02"]
[Round "2"]
[White "AshotParvanyan"]
[Black "krasavetc"]
[Result "0-1"]
[WhiteElo "2437"]
[BlackElo "2258"]
[TimeControl "180+1"]
[EndTime "10:18:49 PDT"]
[Termination "krasavetc won on time"]

1. Nf3 Nc6 2. d4 d5 3. c4 dxc4 4. e3 Nf6 5. Bxc4 e6 6. O-O Bd6 7. Nc3 O-O 8. a3 b6 9. h3 Bb7 10. Qc2 Re8 11. Rd1 Ne7 12. Ne5 Ng6 13. Bb5 Rf8 14.
Nxg6 hxg6 15. e4 c6 16. Bd3 Bb8 17. e5 Nh7 18. Be2 Qh4 19. Qe4 Qxe4 20. Nxe4 c5 21.
Bf3 cxd4 22. Nf6+ Nxf6 23. Bxb7 Bxe5 24. Bxa8 Rxa8 25. Bd2 Ne4 26. f3 Nxd2 27. Rxd2 Bf4 28. Rd3 Be3+ 29. Kf1 Rc8 30. Re1 Rc2 31. Re2 Rc1+ 32.
Re1 Rc4 33. g3 f5 34. Re2 e5 35. b3 Rc1+ 36. Re1 Rc5 37. Re2 g5 38. h4 gxh4 39. gxh4 f4 40. Kg2 Kf7 41. Kh3 Kf6 42. Kg4 Rc1 43.
Kh3 Rg1 44. Rc2 Rg3+ 45. Kh2 Rxf3 46. Rc6+ Kf5 47. Rd1 Kg4 48. Rg6+ Kxh4 49. Kg2 Rg3+ 50. Rxg3 fxg3 51. Kf3 Bf4 52. Rh1+ Kg5 53. Rh7 d3 54. Rxg7+ Kf5 55. Rf7+ Ke6 56. Rf8 Ke7 57. Rh8 Kf7 58. Rh1 Ke6 59. Ke4 d2 60. Rd1 Kf6 61. Kf3 Kf5 62. Rh1 e4+ 63. Kg2 Ke5 64. Rd1 Kd4 65. Kf1 Kd3 66. Kg2 e3 67. Kf3 e2 0-1

[Event "*** SCC Grand Prix: Titled Tuesday Blitz"]
[Site "Chess.com"]
[Date "2020.06.02"]
[Round "2"]
[White "imdvb6307"]
[Black "chesslh19"]
[Result "0-1"]
[WhiteElo "2388"]
[BlackElo "2176"]
[TimeControl "180+1"]
[EndTime "10:18:49 PDT"]
[Termination "chesslh19 won on time"]

1. c4 e6 2. Nf3 d5 3. g3 Nf6 4.
Bg2 Be7 5. O-O O-O 6. d4 dxc4 7. Qc2 a6 8. a4 Bd7 9. Ne5 Bc6 10. Nxc6 Nxc6 11. e3 Na5 12. Nd2 c5 13. Nxc4 cxd4 14. Nxa5 Qxa5 15. Bxb7 Rab8 16. Bf3 Rfc8 17. Qe2 Bc5 18. Bd2 Bb4 19. Bxb4 Qxb4 20. exd4 Qxb2 21. Qxa6 Qxd4 22. Rfd1 Qb6 23. Qxb6 Rxb6 24. a5 Rb3 25. a6 Rxf3 26. a7 Ra8 27. Rd8+ Rxd8 28. a8=Q Rd3 29. Qb7 R3d7 30. Qc6 h6 31. h3 Rd1+ 32. Rxd1 Rxd1+ 33.
Kg2 Rd5 34. Qa8+ Kh7 35. Qf8 Kg6 36. g4 h5 37. f3 hxg4 38. hxg4 Rd7 39. Qh8 Rd5 40.
Kg3 Rb5 41. Qd8 Rd5 42. Qc7 Rd7 43. Qc2+ Kh6 44. Kh4 g6 45. g5+ Kg7 46. Qb2 Kg8 47.
Qxf6 Rd5 48. Kg4 Rf5 49. Qd8+ Kg7 50. f4 Kh7 51. Qd7 Kg7 52. Qe7 Kg8 53. Qe8+ Kg7 54. Kg3 Kh7 55. Qf8 e5 56. fxe5 Rxg5+ 57. Kf4 Rf5+ 58. Ke4 Rf2 59. Kd5 Rf5 60. Kd6 g5 0-1

[Event "*** SCC Grand Prix: Titled Tuesday Blitz"]
[Site "Chess.com"]
[Date "2020.06.02"]
[Round "2"]
[White "Ba_clbaf_osed_ingo_3v21"]
[Black "RobPeresian"]
[Result "1-0"]
[WhiteElo "2659"]
[BlackElo "2377"]
[TimeControl "180+1"]
[EndTime "10:18:50 PDT"]
[Termination "Ba_clbaf_osed_ingo_3v21 won on time"]

1. d4 d5 2. c4 c6 3. cxd5 cxd5 4.
Bg5 Nf6 5. Bxf6 gxf6 6. Nc3 f5 7. e3 e6 8. Nf3 a6 9. Bd3 Nc6 10. O-O Bd6 11. Rc1 Qf6 12. g3 Rg8 13. Na4 f4 14.
exf4 Bxf4 15. Bxh7 Rh8 16. Rxc6 bxc6 17. Qc2 Bd7 18. Nb6 Rd8 19. Bd3 Bd6 20. Kg2 Rb8 21. Nxd7 Kxd7 22. Rc1 Rhc8 23. Bxa6 Rc7 24. a3 c5 25. dxc5 Rxc5 26. Qa4+ Ke7 27. Rxc5 Bxc5 28. b4 Bd6 29. Qc2 Qa1 30. a4 Rxb4 31. Bb5 Rb2 32.
Qc6 Qa3 33. Qe8+ Kf6 34. Qd8+ Kg7 35. Qg5+ Kf8 36. Qh6+ Ke7 37. Nd4 Qa2 38. Nc6+ Kd7 39. Nb4+ Kc7 40. Nxa2 Rxa2 41. Qg7 Bc5 42. Qxf7+ Kb6 43.
Qxe6+ Ka5 44. Qe1+ Bb4 45. h4 Bxe1 46. h5 Bxf2 47. Kf3 Bd4 48. g4 Rf2+ 49. Kg3 Rf8 50.
g5 Be5+ 51. Kh3 d4 52. h6 Rf4 53. g6 Rf6 54. Bd3 Rf3+ 55. Kg4 Rxd3 56. h7 Rd1 57. Kh4 Rg1 58. h8=Q 1-0

[Event "*** SCC Grand Prix: Titled Tuesday Blitz"]
[Site "Chess.com"]
[Date "2020.06.02"]
[Round "2"]
[White "Squirlolz"]
[Black "mfwagnerpeixoto"]
[Result "1-0"]
[WhiteElo "2508"]
[BlackElo "2276"]
[TimeControl "180+1"]
[EndTime "10:18:50 PDT"]
[Termination "Squirlolz won by resignation"]

1. c4 b6 2. e4 Bb7 3. Nc3 e6 4. Bd3 g6 5. Nf3 Bg7 6. O-O d6 7. Bc2 Ne7 8. d4 Nd7 9. Be3 h6 10. Qd2 a6 11. Ne1 f5 12. d5 e5 13. f3 f4 14. Bf2 a5 15. Nd3 O-O 16. a3 g5 17. b4 Nf6 18. c5 bxc5 19. bxc5 g4 20. cxd6 cxd6 21. Nb5 g3 22. hxg3 fxg3 23. Bxg3 Qb6+ 24.
Bf2 Qxb5 25. Rfb1 Qd7 26. Ba4 Qc8 27. Rc1 Qd8 28. Rab1 Ba6 29. Bb6 Qb8 30. Be3 Qd8 31. Bb6 Qb8 32. Bxa5 Bxd3 33. Rxb8 Rfxb8 34. Rc7 Ng6 35. Bd7 Nxd7 36. Rxd7 Rb1+ 37. Kf2 Nf4 38. Bb4 Rb8 39.
Rxd6 Bf8 40. g3 Bxd6 41. gxf4 Bxb4 42. axb4 R8xb4 43. Qxd3 R4b2+ 44. Kg3 exf4+ 45. Kxf4 Rb3 46. Qa6 Kg7 47. Qe6 Rb6 48. d6 Rd1 49. e5 Rd4+ 50. Kf5 Rbb4 51. Qf6+ Kg8 52. Qg6+ Kf8 53. Ke6 Rf4 54.
Qxh6+ Kg8 55. Qg5+ Kh7 56. Qh5+ Kg7 57. Qg5+ Kh7 58. d7 Rb6+ 59. Kd5 Rfb4 60. Qe7+ Kg6 61. d8=Q R6b5+ 62. Qc5 Rxc5+ 63. Kxc5 1-0

[Event "*** SCC Grand Prix: Titled Tuesday Blitz"]
[Site "Chess.com"]
[Date "2020.06.02"]
[Round "2"]
[White "XxPetroffsxX"]
[Black "fischercapa"]
[Result "0-1"]
[WhiteElo "2048"]
[BlackElo "2369"]
[TimeControl "180+1"]
[EndTime "10:18:50 PDT"]
[Termination "fischercapa won on time"]

1. e4 c5 2. Na3 e6 3. Nf3 d5 4.
exd5 exd5 5. d4 c4 6. Be2 Nf6 7. O-O h6 8. b3 Qa5 9. Nb1 cxb3 10. cxb3 Nc6 11. Bd2 Bb4 12. a3 O-O 13. Bxb4 Nxb4 14.
Qd2 Nc6 15. Qxa5 Nxa5 16. Nbd2 Bf5 17. Ne5 Rac8 18. Rac1 Rfe8 19. f3 Nc6 20. Bb5 Nxd4 21. Rxc8 Rxc8 22. Bd3 Bxd3 23. Nxd3 Rc3 24. Nb4 Nxb3 25.
Nxb3 Rxb3 26. Ra1 a5 27. Nc2 Rb2 28. Nd4 b5 29. Rc1 g6 30. Rc8+ Kg7 31. Rb8 b4 32.
axb4 Rxb4 33. Ra8 Rxd4 34. Rxa5 Rd2 35. h3 h5 36. Kh2 h4 37. Ra4 g5 38. f4 Kg6 39.
fxg5 Kxg5 40. Kg1 Ne4 41. Ra5 f5 42. Kf1 Kf4 43. Ra3 d4 44. Rf3+ Ke5 45. Ke1 Rxg2 46. Rd3 Rg3 47. Rd1 Rg1+ 0-1

[Event "*** SCC Grand Prix: Titled Tuesday Blitz"]
[Site "Chess.com"]
[Date "2020.06.02"]
[Round "2"]
[White "annamaja"]
[Black "SARGISMV"]
[Result "0-1"]
[WhiteElo "2177"]
[BlackElo "2420"]
[TimeControl "180+1"]
[EndTime "10:18:51 PDT"]
[Termination "SARGISMV won by resignation"]

1. e4 e6 2. d4 d5 3. exd5 exd5 4. c4 Nf6 5. Nc3 Bb4 6. Bd3 dxc4 7. Bxc4 O-O 8. Ne2 Bf5 9. Qb3 Bxc3+ 10. bxc3 b6 11. O-O Nc6 12. Qb5 Qd7 13. Ng3 Bg6 14. Bg5 a6 15. Qb2 Ne4 16. Nxe4 Bxe4 17. Bf4 b5 18.
Bb3 Na5 19. Rfe1 Bb7 20. Bc2 Nc4 21. Qb4 Rfe8 22. Qc5 Rxe1+ 23. Rxe1 Re8 24. Rf1 Re7 25. Bf5 Qc6 26. Qxc6 Bxc6 27. h3 h6 28. Bg3 g6 29.
Bd3 Bd5 30. a4 c6 31. axb5 cxb5 32. Ra1 Ra7 33. Bb8 Ra8 34. Bc7 Kf8 35. Kh2 Ke8 36.
Kg3 Kd7 37. Bf4 g5 38. Bc1 a5 39. h4 f6 40. hxg5 hxg5 41. Bf5+ Kc6 42. f4 gxf4+ 43. Kxf4 Bxg2 44. Be4+ Bxe4 45. Kxe4 Nd6+ 46. Kd3 Kd5 47. Bf4 Nc4 48. Rh1 a4 49. Rh5+ Kc6 50. Rc5+ Kb6 51. Bc7+ Ka6 52. Bf4 a3 53. Rc6+ Kb7 54.
Rxf6 a2 55. Rf7+ Kb6 56. Rf6+ Ka5 57. Bd6 a1=Q 58. Bb4+ Ka4 59. d5 Kb3 60. d6 Qd1+ 61. Ke4 Re8+ 62. Kf5 Qd5+ 63. Kg6 Rg8+ 64. Kh7 Qg5 0-1